[Event "Late-Titled-Tuesday-Blitz-March-26-2024"]
[Site "Chess.com"]
[Date "2024.03.26"]
[Round "1"]
[White "Boninknights"]
[Black "dcremisi"]
[Result "0-1"]
[WhiteElo "2365"]
[BlackElo "2675"]
[TimeControl "180+1"]
[EndTime "14:06:58 PDT"]
[Termination "dcremisi won by resignation"]

1. d4 d5 2. Nf3 Nf6 3. c4 e6 4.
Nc3 c6 5. Qb3 dxc4 6. Qxc4 b5 7.
Qb3 Bb7 8. e4 a6 9. e5 Nd5 10.
Ne4 Nd7 11. Be2 c5 12. dxc5 Nxc5 13. Nxc5 Bxc5 14. Bxb5+ Ke7 15. Be2 Bb4+ 16. Bd2 Qa5 17. O-O Rhb8 18. Bg5+ Kf8 19. a3 Be7 20. Bxe7+ Nxe7 21. Qc2 Kg8 22. b4 Qb6 23. Qc5 Qxc5 24. bxc5 Ng6 25. g3 Rc8 26. Rfc1 Rab8 27. Rab1 Bxf3 28.
Rxb8 Rxb8 29. Bxf3 Nxe5 30. Bg2 Rc8 31. Bb7 Rc7 32.
c6 a5 33. Rc5 f6 34. f4 Nf3+ 35. Kg2 Nd4 36. Kf2 Kf7 37. Ke3 Nf5+ 38. Rxf5 exf5 39. Kd4 Ke6 40. Kc5 g5 41. a4 gxf4 42. gxf4 Rg7 43. Kb6 Kd6 44. Kxa5 Kc7 45. Kb5 Rg2 46. Kc5 Rxh2 47. Kd5 Ra2 48. Ke6 Rxa4 49. Kxf5 h5 50. Kxf6 h4 51. f5 h3 0-1

[Event "Late-Titled-Tuesday-Blitz-March-26-2024"]
[Site "Chess.com"]
[Date "2024.03.26"]
[Round "1"]
[White "kids2010"]
[Black "Nemsko"]
[Result "1-0"]
[WhiteElo "2802"]
[BlackElo "2429"]
[TimeControl "180+1"]
[EndTime "14:07:00 PDT"]
[Termination "kids2010 won by checkmate"]

1. e4 e5 2. Nf3 Nc6 3. Nc3 Nf6 4. Bb5 Bc5 5. O-O d6 6. d4 exd4 7. Nxd4 Bd7 8. Be3 O-O 9. Bxc6 bxc6 10. Qd3 Rb8 11.
Nb3 Bb6 12. Rad1 h6 13. h3 Qe7 14. Rfe1 Rfe8 15. a4 Be6 16. Nd4 Bxd4 17. Bxd4 c5 18. Bxf6 Qxf6 19. b3 Qg6 20. Nb5 Rb7 21. e5 Qxd3 22.
Rxd3 d5 23. f4 g6 24. g4 a6 25. Nc3 c6 26. Ne2 Rb4 27. Rf1 Bc8 28. Rc3 a5 29.
Rxc5 Ba6 30. Re1 Re4 31. Kf2 Bxe2 32. Rxe2 Rxf4+ 33. Kg3 Rf1 34. Rxc6 Rg1+ 35. Kf2 Rh1 36. Kg2 Rd1 37. Rc5 Ra8 38. Kf2 Ra6 39. Ke3 Re6 40.
Kf2 Ra6 41. Rc8+ Kg7 42. Rc7 Kf8 43. Re3 Rd2+ 44. Kg3 Rd1 45. Rf3 Rg1+ 46. Kh2 Rc1 47. Rfxf7+ Ke8 48. Rh7 Kd8 49. Rb7 Rxc2+ 50. Kg1 Rc1+ 51.
Kf2 Rac6 52. Rh8# 1-0

[Event "Late-Titled-Tuesday-Blitz-March-26-2024"]
[Site "Chess.com"]
[Date "2024.03.26"]
[Round "1"]
[White "Budisavljevic"]
[Black "Road2GM3000"]
[Result "1-0"]
[WhiteElo "2772"]
[BlackElo "2418"]
[TimeControl "180+1"]
[EndTime "14:07:02 PDT"]
[Termination "Budisavljevic won by resignation"]

1. d4 d5 2. Nf3 Nf6 3. e3 c6 4. c4 a6 5. b3 Bg4 6. Qc2 e6 7. Ne5 Bf5 8. Bd3 Bxd3 9. Nxd3 Nbd7 10.
O-O Bd6 11. Bb2 Ne4 12. Nd2 f5 13. Nf3 Ndf6 14. Nfe5 Bc7 15. a4 O-O 16. b4 dxc4 17. Qxc4 Bxe5 18. Qxe6+ Kh8 19. Nxe5 Qc7 20. Qxf5 Nd2 21.
Qh3 Nxf1 22. Ng6+ Kg8 23. Nxf8 Qxh2+ 24. Qxh2 Nxh2 25. Nxh7 Kxh7 26. Kxh2 Rf8 27. Kg1 Ng4 28. Rf1 Kg6 29. Bc1 Nf6 30. f3 Nd5 31. Bd2 Rd8 32. Kf2 Nb6 33. Ra1 Nc4 34. Bc1 Kf5 35. Ra2 g5 36. g4+ Ke6 37. Rc2 b5 38. axb5 axb5 39. Ra2 Rh8 40. Kg2 Kd6 41. Ra7 Re8 42. e4 Rg8 43. Rf7 Nb6 44. Rf5 Nd7 45. Bxg5 Ra8 46. Rf7 Ra2+ 47. Kg3 Rb2 48. e5+ Ke6 49. Re7+ Kd5 50. Rxd7+ Kc4 51. Be7 1-0

[Event "Late-Titled-Tuesday-Blitz-March-26-2024"]
[Site "Chess.com"]
[Date "2024.03.26"]
[Round "1"]
[White "MariusBieliauskas"]
[Black "Zq1"]
[Result "0-1"]
[WhiteElo "2311"]
[BlackElo "2634"]
[TimeControl "180+1"]
[EndTime "14:07:02 PDT"]
[Termination "Zq1 won by resignation"]

1. d4 Nf6 2. c4 a6 3. Nc3 c5 4. d5 b5 5. Qc2 b4 6. Ne4 Nxe4 7.
Qxe4 d6 8. Nf3 g6 9. g3 Bg7 10. Qc2 a5 11. Rb1 a4 12. b3 axb3 13. axb3 O-O 14.
Bg2 e6 15. dxe6 Bxe6 16. O-O Ra7 17. Rd1 Re8 18. Ng5 Bf5 19. e4 Bg4 20. f3 Be6 21.
Nxe6 Rxe6 22. Bf4 Nc6 23. Bh3 Nd4 24. Qg2 Re8 25. Be3 Qa8 26. Bxd4 Bxd4+ 27. Kh1 Ra2 28. Rd2 Ra1 29. Rdd1 Rxb1 30. Rxb1 Qa7 31. f4 Ra8 32. e5 dxe5 33. fxe5 Bxe5 34. Rf1 Bd4 35. Qd5 Re8 36. Bd7 Re7 37. Bg4 Kg7 38. Qf3 Re3 39. Qd5 Qe7 40. Bf3 h5 41. Bg2 Re5 42. Qc6 Re3 43. Qd5 Rxb3 44.
Qc6 Re3 45. Bd5 Re1 46. Kg2 Qe2+ 0-1

[Event "Late-Titled-Tuesday-Blitz-March-26-2024"]
[Site "Chess.com"]
[Date "2024.03.26"]
[Round "1"]
[White "IsuruAlahakoon"]
[Black "GelmanAlexander"]
[Result "0-1"]
[WhiteElo "2373"]
[BlackElo "2681"]
[TimeControl "180+1"]
[EndTime "14:07:05 PDT"]
[Termination "GelmanAlexander won on time"]

1. Nf3 c5 2. c3 b6 3. d4 Bb7 4. Bf4 d6 5. e3 Nd7 6. Nbd2 Ngf6 7. Be2 a6 8. h3 h6 9. O-O g5 10. Bh2 Rg8 11. Ne1 h5 12. Bf3 Bxf3 13. Nexf3 g4 14. hxg4 hxg4 15. Ne1 Bh6 16. Nd3 Qc7 17. Bf4 Bxf4 18. Nxf4 Qb7 19. Qe2 O-O-O 20. a4 Rh8 21. e4 Rh6 22. f3 g3 23. Rfe1 Rdh8 24. Nh3 Nh5 25. Qe3 e5 26. Nc4 Nf4 27.
Nxd6+ Rxd6 28. dxe5 Nxh3+ 29. gxh3 Nxe5 30. f4 Ng6 31. a5 c4 32. axb6 Qxb6 33. e5 Qxe3+ 34.
Rxe3 Rb6 35. f5 Nf4 36. Re4 Nxh3+ 37. Kg2 Rxb2+ 38. Kxg3 Kb7 39. Rd1 Nf2 40. Rd7+ Kc6 41. Red4 Rh6 0-1

[Event "Late-Titled-Tuesday-Blitz-March-26-2024"]
[Site "Chess.com"]
[Date "2024.03.26"]
[Round "1"]
[White "KChor05"]
[Black "ilya2700"]
[Result "0-1"]
[WhiteElo "2618"]
[BlackElo "2330"]
[TimeControl "180+1"]
[EndTime "14:07:05 PDT"]
[Termination "ilya2700 won by checkmate"]

1. e4 c5 2. Nf3 e6 3. d4 cxd4 4. Nxd4 Nf6 5. Nc3 Nc6 6. a3 d5 7.
Bb5 Bd7 8. exd5 exd5 9. O-O Be7 10. Re1 O-O 11. Bf4 Re8 12. h3 Qb6 13. Be3 Qc7 14.
Bd3 Rad8 15. Ncb5 Qb8 16. Qe2 a6 17. Nc3 Bc5 18. Nxc6 Bxc6 19. Bxc5 Rxe2 20. Nxe2 Ne4 21. Bd4 Qc7 22. Rad1 h6 23. b3 Bb5 24. Bxb5 axb5 25. c3 Nc5 26. Rb1 Re8 27. f3 Nd3 28. Red1 Rxe2 29. Kf1 Ra2 30. Rxd3 Qh2 31. Bf2 Qh1+ 32.
Bg1 Qxg2+ 33. Ke1 Qe2# 0-1

[Event "Late-Titled-Tuesday-Blitz-March-26-2024"]
[Site "Chess.com"]
[Date "2024.03.26"]
[Round "1"]
[White "RandomNoob04"]
[Black "Nechitaylo_Nikita"]
[Result "1-0"]
[WhiteElo "2677"]
[BlackElo "2367"]
[TimeControl "180+1"]
[EndTime "14:07:07 PDT"]
[Termination "RandomNoob04 won on time"]

1. e4 c5 2. d4 cxd4 3. c3 Nf6 4.
e5 Nd5 5. Nf3 d6 6. Bc4 e6 7.
cxd4 Bd7 8. O-O Be7 9. Bxd5 exd5 10. exd6 Bxd6 11. Re1+ Be6 12. Ng5 O-O 13. Nxe6 fxe6 14. Qg4 Nc6 15. Nc3 Kh8 16. Bg5 Qc7 17. g3 Qf7 18. Re2 Rae8 19. Rae1 h6 20. Bd2 e5 21.
Nb5 Bb8 22. Bc3 e4 23. Na3 a6 24. Nc2 Ba7 25. Rd1 Qf3 26. Qxf3 Rxf3 27. Ne3 Rd8 28. Kg2 b5 29. a3 a5 30. Rc2 b4 31. a4 bxc3 32. bxc3 Rb8 33. Nxd5 Rff8 34. Re2 Rfe8 35.
Rde1 Rb3 36. Rxe4 Rxe4 37. Rxe4 Ra3 38. Re6 Nb8 39. Re7 Rxa4 40. Rxa7 Rc4 41. Ra8 Rc8 42. Ne7 1-0

[Event "Late-Titled-Tuesday-Blitz-March-26-2024"]
[Site "Chess.com"]
[Date "2024.03.26"]
[Round "1"]
[White "GarciaIsaac"]
[Black "1g60-1"]
[Result "0-1"]
[WhiteElo "2659"]
[BlackElo "2386"]
[TimeControl "180+1"]
[EndTime "14:07:08 PDT"]
[Termination "1g60-1 won on time"]

1. e4 e6 2. d4 d5 3. Nd2 Nf6 4. e5 Nfd7 5. c3 c5 6. Bd3 Nc6 7. Ngf3 Be7 8. O-O g5 9. dxc5 Nxc5 10. Bb5 Bd7 11. Re1 Qc7 12. Nb3 g4 13. Nfd4 Nxe5 14. Bf4 f6 15. Nxc5 Qxc5 16. Nxe6 Qd6 17. Nd4 O-O-O 18. Bxd7+ Qxd7 19. Bxe5 fxe5 20. Rxe5 Bd6 21. Re3 h5 22. Qe2 Kb8 23. Re1 h4 24. Qb5 Qc7 25. h3 gxh3 26. Rxh3 a6 27. Qb3 Bc5 28. Rd1 Rhg8 29.
Ne6 Qd6 30. Nxd8 Qxd8 31. Qxd5 Qe7 0-1

[Event "Late-Titled-Tuesday-Blitz-March-26-2024"]
[Site "Chess.com"]
[Date "2024.03.26"]
[Round "1"]
[White "Kavyev_Ruslan"]
[Black "Andrey_Klymchuk"]
[Result "1-0"]
[WhiteElo "2399"]
[BlackElo "2682"]
[TimeControl "180+1"]
[EndTime "14:07:11 PDT"]
[Termination "Kavyev_Ruslan won by resignation"]

1. d4 Nf6 2. Nf3 g6 3. c4 Bg7 4. g3 b6 5. Bg2 Bb7 6. O-O O-O 7.
Nc3 Ne4 8. Nxe4 Bxe4 9. b3 c5 10.
Bb2 Nc6 11. Qd2 Bxf3 12. Bxf3 cxd4 13. Rad1 Rc8 14. Bxc6 Rxc6 15. Bxd4 Bxd4 16. Qxd4 d6 17. e4 Qc7 18. Rfe1 Rc5 19. Re3 a6 20. Rde1 Rd8 21.
Qb2 f6 22. f4 b5 23. cxb5 axb5 24. R1e2 b4 25. e5 dxe5 26. fxe5 Rc1+ 27. Kf2 Rdd1 28.
exf6 Rf1+ 29. Kg2 Qc6+ 30. Kh3 exf6 31. Re8+ Kg7 32. R8e7+ Kh6 33. Qd2+ g5 34. Qd3 f5 35.
R2e6+ Qxe6 36. Rxe6+ Kh5 37. g4+ fxg4+ 38. Kg2 Rg1+ 39.
Kf2 Rcf1+ 40. Qxf1 g3+ 41. hxg3 1-0

[Event "Late-Titled-Tuesday-Blitz-March-26-2024"]
[Site "Chess.com"]
[Date "2024.03.26"]
[Round "1"]
[White "Xavier_mompel"]
[Black "BilicVladimir"]
[Result "1/2-1/2"]
[WhiteElo "2346"]
[BlackElo "2639"]
[TimeControl "180+1"]
[EndTime "14:07:12 PDT"]
[Termination "Game drawn by repetition"]

1. e4 c6 2. d4 d5 3. Nc3 dxe4 4.
Nxe4 Nd7 5. Nf3 Ngf6 6. Nxf6+ Nxf6 7. Bd3 Bg4 8. c3 Qd5 9. Be2 e6 10. h3 Bh5 11. O-O Be7 12. Ne5 Bxe2 13. Qxe2 O-O 14. Bf4 Qa5 15. Rfe1 Rad8 16. Bh2 h6 17. a4 Qd5 18.
Qc4 Qxc4 19. Nxc4 Rd7 20. a5 Rc8 21. f3 Nd5 22. Ne5 Rdd8 23. Rad1 Bd6 24. Nd3 Bxh2+ 25. Kxh2 b6 26. axb6 axb6 27. Ra1 c5 28. dxc5 bxc5 29. Ne5 c4 30. Ra4 Nb6 31. Rb4 Rd6 32. Re4 Rd2 33.
Nxc4 Nxc4 34. Rexc4 Rxc4 35. Rxc4 Rxb2 36. Rc7 g5 37. c4 Rc2 38. c5 Kg7 39. Kg3 Kf6 40.
c6 Rc4 41. Rc8 h5 42. c7 Kg7 43. Kf2 h4 44. Ke3 Kf6 45. Kd3 Rc1 46. Kd2 Rc6 47.
Ke3 Kf5 48. Kf2 f6 49. Ke3 Rc3+ 50. Kd4 Rc2 51. Kd3 Rc6 52. Ke3 Rc4 53. Kd3 Rc1 54. Kd2 Rc6 55. Ke3 1/2-1/2

[Event "Late-Titled-Tuesday-Blitz-March-26-2024"]
[Site "Chess.com"]
[Date "2024.03.26"]
[Round "1"]
[White "nabukatnezarr"]
[Black "carloseduar100"]
[Result "1/2-1/2"]
[WhiteElo "2593"]
[BlackElo "2234"]
[TimeControl "180+1"]
[EndTime "14:07:12 PDT"]
[Termination "Game drawn by repetition"]

1. e4 e6 2. d3 d5 3. Nd2 Nf6 4. Ngf3 c5 5. g3 Nc6 6. Bg2 Be7 7. O-O b5 8. exd5 exd5 9. Nb3 O-O 10. Re1 a5 11. d4 c4 12. Nc5 Bg4 13. h3 Bh5 14. Bf4 Qb6 15. Qd2 Bxf3 16. Bxf3 Nxd4 17. Qxd4 Bxc5 18.
Qd2 Rfe8 19. Be5 Ne4 20. Bxe4 dxe4 21. Rxe4 Rad8 22. Qe2 f6 23. Bc3 Bxf2+ 24. Kh2 Rxe4 25.
Qxe4 Qd6 26. Qg4 Bb6 27. Rf1 b4 28. Bxf6 Qd2+ 29. Kh1 Qd5+ 30. Kh2 Qd2+ 31. Kh1 Qd5+ 32. Kh2 Qd2+ 1/2-1/2

[Event "Late-Titled-Tuesday-Blitz-March-26-2024"]
[Site "Chess.com"]
[Date "2024.03.26"]
[Round "1"]
[White "Nf3c5"]
[Black "deepfear"]
[Result "1-0"]
[WhiteElo "2545"]
[BlackElo "1960"]
[TimeControl "180+1"]
[EndTime "14:07:12 PDT"]
[Termination "Nf3c5 won by resignation"]

1. e4 c5 2. Nc3 g6 3. f4 e6 4. Nf3 Ne7 5. d4 b6 6. Nb5 d6 7. dxc5 Nec6 8. cxd6 Na6 9. Be3 Bb7 10. Bd4 Rg8 11. e5 Bh6 12. Be3 f6 13. Qd2 fxe5 14. fxe5 Bg7 15. Bf4 Rf8 16. O-O-O Qd7 17. h4 O-O-O 18.
h5 Qf7 19. Bg3 gxh5 20. Kb1 Qg6 21. Rh3 Bh6 22. Qc3 Bg7 23. Bd3 Qg4 24. a3 Kb8 25.
Bh4 Rd7 26. Rg3 Qa4 27. Be7 Rg8 28. Bxh7 Nxe7 29. dxe7 Rc8 30. Qb3 Qxb3 31. cxb3 Bh8 32. Rxd7 Bxf3 33. Rxf3 Nc5 34. Rd8 Nxb3 35. Rxc8+ Kxc8 36. e8=Q+ Kb7 37. Qd7+ Ka6 38. Qxa7+ Kxb5 39. Rxb3+ Kc5 40.
Qc7+ 1-0

[Event "Late-Titled-Tuesday-Blitz-March-26-2024"]
[Site "Chess.com"]
[Date "2024.03.26"]
[Round "1"]
[White "maciek_92"]
[Black "RichardShtivelband"]
[Result "1-0"]
[WhiteElo "2873"]
[BlackElo "2464"]
[TimeControl "180+1"]
[EndTime "14:07:13 PDT"]
[Termination "maciek_92 won on time"]

1. c4 Nf6 2. Nc3 c5 3. g3 d5 4. cxd5 Nxd5 5. Bg2 Nc7 6. Nf3 Nc6 7. O-O e5 8. d3 Be7 9. Nd2 Bd7 10. a4 O-O 11. Nc4 f6 12. a5 Rc8 13. f4 exf4 14. gxf4 Kh8 15. f5 Na6 16. Bf4 Be8 17. e3 Bf7 18.
Be4 Nab4 19. Qe2 Qd7 20. Kh1 Rfd8 21. Rad1 Nd5 22. Nxd5 Bxd5 23. Bxd5 Qxd5+ 24. e4 Nd4 25. Qg4 Qf7 26. Be3 Nc2 27. Rf3 Rd7 28. Bf4 Rcd8 29.
b3 Nb4 30. Qh3 Bf8 31. Rg3 Rd4 32. Bc1 Rxe4 33. Rdg1 Red4 34. Nb2 Qd5+ 35. R1g2 Qxb3 36. Be3 R4d7 37. Qg4 Qd5 38. Rh3 Qc6 39. Qg6 h6 40. Rxh6+ Kg8 41. Qh5 Qxg2+ 42. Kxg2 gxh6 43. Kf3 Nxd3 44. Qg6+ Bg7 45. Nc4 Rd4 46. Bxd4 Rxd4 47. Qe8+ Bf8 48.
Ne3 Ne5+ 49. Ke2 c4 50. Qe6+ Kg7 51. Qc8 1-0

[Event "Late-Titled-Tuesday-Blitz-March-26-2024"]
[Site "Chess.com"]
[Date "2024.03.26"]
[Round "1"]
[White "DeArron_Fox"]
[Black "hansen"]
[Result "0-1"]
[WhiteElo "2505"]
[BlackElo "2960"]
[TimeControl "180+1"]
[EndTime "14:07:14 PDT"]
[Termination "hansen won by resignation"]

1. d4 Nf6 2. c4 e6 3. Nf3 b6 4. g3 Ba6 5. b3 c6 6. Bg2 d5 7.
O-O Nbd7 8. Nbd2 Be7 9. Qc2 O-O 10. e4 Rc8 11. Rd1 Bb7 12. e5 Ne8 13. Nf1 Nc7 14.
h4 c5 15. Ng5 Bxg5 16. Bxg5 Qe8 17. dxc5 Nxc5 18. Ne3 dxc4 19. Nxc4 Bxg2 20. Kxg2 Qc6+ 21. Kg1 Nd5 22. Nd6 Nd7 23. Qxc6 Rxc6 24. Rac1 Nxe5 25. f4 Rxd6 26. fxe5 Rd7 27. Rc6 h6 28. Bc1 Rfd8 29. Ba3 Ne3 30. Rxd7 Rxd7 31. Bd6 h5 32. Kf2 Nf5 33.
Rc8+ Kh7 34. Rc6 Kg6 35. Kf3 Nd4+ 36. Ke4 Nxc6 0-1

[Event "Late-Titled-Tuesday-Blitz-March-26-2024"]
[Site "Chess.com"]
[Date "2024.03.26"]
[Round "1"]
[White "Durarbayli"]
[Black "kacperkarwowski"]
[Result "1-0"]
[WhiteElo "2938"]
[BlackElo "2499"]
[TimeControl "180+1"]
[EndTime "14:07:14 PDT"]
[Termination "Durarbayli won by resignation"]

1. e4 c5 2. Nf3 e6 3. d4 cxd4 4. Nxd4 Nf6 5. Nc3 Nc6 6. Nxc6 bxc6 7. e5 Nd5 8. Ne4 Qc7 9. f4 Qb6 10. c4 Ne3 11. Qd3 Nxf1 12. Rxf1 Ba6 13. b3 Be7 14. Be3 Qa5+ 15. Kf2 f5 16. Nd6+ Kf8 17. Kg1 g5 18. Rad1 Rd8 19. fxg5 Qxe5 20. Nxf5 Ke8 21. Bd4 Bc5 22.
Rde1 Bxd4+ 23. Nxd4 Qc5 24. Kh1 Rf8 25. Rxf8+ Qxf8 26. Qxh7 Qf7 27. Qh4 c5 28. Nf3 Bb7 29.
Ne5 Qg7 30. g6 d6 31. Nf7 Rd7 32. Rxe6+ Kf8 33. Rf6 Re7 34. h3 Re2 35. Nxd6+ Kg8 36. Qh7+ Qxh7 37. gxh7+ Kxh7 38. Nxb7 Rxa2 39. Nxc5 a5 40.
Ra6 Ra1+ 41. Kh2 a4 42. Rxa4 Re1 43. Ra6 Re5 44. Nd3 Re3 45. Rd6 Re2 46. c5 Rc2 47. b4 Rc3 48. b5 Rb3 49. b6 Rb5 50.
Rd7+ Kh6 51. b7 Rb2 52. Nxb2 Kg5 53. Rd4 1-0

[Event "Late-Titled-Tuesday-Blitz-March-26-2024"]
[Site "Chess.com"]
[Date "2024.03.26"]
[Round "1"]
[White "esrosenberg"]
[Black "sergoy"]
[Result "0-1"]
[WhiteElo "2489"]
[BlackElo "2915"]
[TimeControl "180+1"]
[EndTime "14:07:15 PDT"]
[Termination "sergoy won by resignation"]

1. d4 Nf6 2. c4 e6 3. Nc3 Bb4 4. Nf3 O-O 5. Bg5 h6 6. Bh4 b6 7. e3 Bb7 8. Bd3 g5 9. Bg3 Ne4 10. Qc2 f5 11. O-O Bxc3 12. bxc3 d6 13. d5 Nd7 14. Bxe4 fxe4 15. Qxe4 Qf6 16. Qxe6+ Qxe6 17. dxe6 Nc5 18. Nd4 Rae8 19. a4 a5 20. Nb5 Nxe6 21. Rab1 Be4 22. Rb2 Bd3 23. Rd1 Bxc4 24. f3 Bxb5 25.
Rxb5 Nc5 26. Rd4 Rxe3 27. h4 Rxc3 28. hxg5 hxg5 29. Rg4 Ne6 30. Bh4 Rf4 31. Bxg5 Rxg4 32. fxg4 Rc4 33. Be3 Rxg4 34. Bxb6 cxb6 35. Rxb6 Rxa4 36.
Rxd6 Kf7 37. Kf2 Ke7 38. Ra6 Ra3 39. g4 a4 40. Ke2 Nc5 41. Ra5 Kd6 42. Kd1 Rg3 43. Kc2 Rxg4 44. Kb2 Kd5 45. Ka3 Rg3+ 46. Ka2 Kc4 47. Ra8 Rg2+ 48. Ka3 Rg3+ 49. Ka2 Kb5 50. Rb8+ Ka5 51. Ra8+ Na6 52. Ra7 Kb6 53. Ra8 Kb5 54. Ra7 Nb4+ 55. Kb2 Rg2+ 56. Kb1 Nc6 57. Rb7+ Kc5 58. Ka1 Na5 59. Ra7 Kb4 60. Kb1 a3 61. Ra8 a2+ 62. Ka1 0-1

[Event "Late-Titled-Tuesday-Blitz-March-26-2024"]
[Site "Chess.com"]
[Date "2024.03.26"]
[Round "1"]
[White "Aragon"]
[Black "Lady_Nika"]
[Result "0-1"]
[WhiteElo "2063"]
[BlackElo "2562"]
[TimeControl "180+1"]
[EndTime "14:07:16 PDT"]
[Termination "Lady_Nika won by resignation"]

1. e4 b6 2. d4 Bb7 3. Bd3 e6 4. Qe2 Nf6 5. Nf3 d5 6. e5 Nfd7 7. O-O Be7 8. c3 c5 9. Nbd2 Nc6 10. a3 a5 11. Re1 Qc7 12. Nf1 h6 13.
h4 Ndb8 14. Ng3 Ba6 15. Nh5 Bf8 16. Bf4 Qb7 17. Bh2 Nd7 18. Nf4 Bxd3 19. Qxd3 Be7 20. Nxe6 fxe6 21. Qg6+ Kd8 22. Qxe6 Na7 23. Qg6 Nf8 24. Qxg7 Rh7 25. Qg8 Qd7 26. e6 Qe8 27. Qg3 Nb5 28. b4 Qg6 29. Qf4 Rg7 30. Bg3 Nxe6 31.
Qe5 Nbc7 32. bxc5 bxc5 33. dxc5 Bxc5 34. Rad1 Qxg3 35. Rxd5+ Nxd5 36. Qxd5+ Qd6 37. Qxa8+ Ke7 38. Qb7+ Kf6 39. Ne5 Rxb7 0-1

[Event "Late-Titled-Tuesday-Blitz-March-26-2024"]
[Site "Chess.com"]
[Date "2024.03.26"]
[Round "1"]
[White "BardArtem"]
[Black "Real_taiatai"]
[Result "1-0"]
[WhiteElo "2819"]
[BlackElo "2437"]
[TimeControl "180+1"]
[EndTime "14:07:17 PDT"]
[Termination "BardArtem won by resignation"]

1. e4 e5 2. d4 exd4 3. Qxd4 Nc6 4. Qd3 Nf6 5. Nc3 Bb4 6. Bd2 O-O 7. Nge2 d6 8. O-O-O Be6 9. f4 Ng4 10. Qg3 Bc5 11. Be1 f5 12. Kb1 Ne3 13. Rd3 Nxf1 14. Rxf1 Nb4 15. Rd1 fxe4 16. a3 Nd5 17. Nxd5 c6 18.
Ndc3 Bc4 19. Bf2 Bxf2 20. Qxf2 Qe7 21. Qd4 d5 22. Rfe1 Ba6 23. g3 Rad8 24. Nc1 b6 25. Nd3 Bb7 26. Qe5 Qf7 27. Nf2 Rfe8 28. Qg5 h6 29.
Qh4 c5 30. Ng4 d4 31. Nxe4 Bxe4 32. Rxe4 Rd5 33. Rxe8+ Qxe8 34. Ne5 Qe6 35. Re1 g5 36. Qg4 Rxe5 37. Qxe6+ Rxe6 38. Rxe6 1-0

[Event "Late-Titled-Tuesday-Blitz-March-26-2024"]
[Site "Chess.com"]
[Date "2024.03.26"]
[Round "1"]
[White "Njal28"]
[Black "Schattman"]
[Result "1-0"]
[WhiteElo "3043"]
[BlackElo "2523"]
[TimeControl "180+1"]
[EndTime "14:07:19 PDT"]
[Termination "Njal28 won on time"]

1. e4 c5 2. Nf3 e6 3. g3 Nc6 4.
Bg2 Nf6 5. Qe2 e5 6. O-O Be7 7. c3 O-O 8. d3 h6 9. a3 a5 10.
a4 d6 11. Na3 Re8 12. Nc4 Be6 13. Re1 Bf8 14. Nh4 Bg4 15. Bf3 Be6 16. Ne3 g6 17. Nhg2 Kh7 18. Nd5 Bg7 19. Nge3 Ne7 20. Bg2 Nfxd5 21.
exd5 Bd7 22. Nc4 Qc7 23. Qf1 Ng8 24. f4 f6 25. h4 h5 26. fxe5 fxe5 27. Bg5 Rf8 28.
Qe2 Bh6 29. Rf1 Bg4 30. Qd2 Rae8 31. Be4 Qd7 32. Nxa5 Bh3 33. Bg2 Rxf1+ 34. Rxf1 Bxg2 35. Kxg2 Rf8 36. Rxf8 Bxf8 37. Qf2 Bg7 38. Nc4 1-0

[Event "Late-Titled-Tuesday-Blitz-March-26-2024"]
[Site "Chess.com"]
[Date "2024.03.26"]
[Round "1"]
[White "norwaytoadog"]
[Black "Romkachess"]
[Result "0-1"]
[WhiteElo "2392"]
[BlackElo "2706"]
[TimeControl "180+1"]
[EndTime "14:07:20 PDT"]
[Termination "Romkachess won on time"]

1. e4 c5 2. Nf3 d6 3. Bb5+ Bd7 4. Bxd7+ Qxd7 5. O-O Nc6 6. Qe2 Nf6 7. Rd1 e6 8. c3 Be7 9. d4 cxd4 10. cxd4 d5 11. e5 Ne4 12. Ne1 h6 13. Nc3 Nxc3 14. bxc3 Rc8 15.
Rd3 Na5 16. Rg3 g6 17. a4 Nb3 18. Rb1 Nxc1 19. Rxc1 Qxa4 20. Qb2 b6 21. Ra1 Qd7 22. Nd3 O-O 23. Nf4 Kh7 24. Qc2 Rg8 25. Qe2 Bg5 26.
Nh3 Be7 27. f4 Rc4 28. Nf2 Rgc8 29. Rc1 Rxd4 30. Rh3 Rxf4 31. Nd3 Rfc4 32. Qe3 Bf8 33. Rf1 R8c7 34. Rhf3 Bg7 35. Nf4 d4 36. Qf2 dxc3 37. Nh3 c2 38. Rc1 Qd1+ 0-1

[Event "Late-Titled-Tuesday-Blitz-March-26-2024"]
[Site "Chess.com"]
[Date "2024.03.26"]
[Round "1"]
[White "PNEPaul"]
[Black "HajiyevKanan"]
[Result "0-1"]
[WhiteElo "1965"]
[BlackElo "2545"]
[TimeControl "180+1"]
[EndTime "14:07:20 PDT"]
[Termination "HajiyevKanan won by resignation"]

1. e4 c6 2. d4 d5 3. exd5 cxd5 4. c4 Nf6 5. Nc3 e6 6. Nf3 Bb4 7. Be2 O-O 8. O-O dxc4 9. Bxc4 b6 10. h3 Bb7 11. Be3 Qc7 12. Be2 Nc6 13. a3 Bxc3 14.
bxc3 Na5 15. Rc1 Rac8 16. c4 Rfd8 17. Qa4 Qc6 18. Qxc6 Bxc6 19. Ne5 Be4 20. Bf3 Bxf3 21. gxf3 Nd7 22. Nxd7 Rxd7 23. c5 f6 24. Rc3 Kf7 25.
Rfc1 Rc6 26. Kg2 Rdc7 27. Bf4 Rc8 28. Be3 Nb7 29. f4 f5 30. h4 g6 31. Kg3 Na5 32.
h5 Nb7 33. hxg6+ hxg6 34. Kg2 Nd6 35. f3 Nb5 36. Rb3 Nc7 37. Rbc3 Nd5 38. Rb3 bxc5 39.
Rb7+ R8c7 40. Rxc7+ Rxc7 41. Kf2 Nxe3 42. dxc5 Nd5 43.
Kg3 Ke7 44. Rc3 Nxc3 0-1

[Event "Late-Titled-Tuesday-Blitz-March-26-2024"]
[Site "Chess.com"]
[Date "2024.03.26"]
[Round "1"]
[White "MoldyTofu"]
[Black "ExtremeLearner"]
[Result "1-0"]
[WhiteElo "2057"]
[BlackElo "2535"]
[TimeControl "180+1"]
[EndTime "14:07:22 PDT"]
[Termination "MoldyTofu won by resignation"]

1. b3 Nf6 2. Bb2 g6 3. Nf3 Bg7 4. e3 O-O 5. Be2 d5 6. d4 c6 7. O-O Nbd7 8. c4 Ne4 9. Nc3 Nxc3 10. Bxc3 Nf6 11. Qc2 Ne4 12. Bb2 Bf5 13. Nh4 Be6 14. Bd3 Nf6 15. Nf3 a5 16. a4 Rc8 17. Ng5 Bd7 18. Qe2 h6 19. Nf3 Bg4 20. h3 Bxf3 21. Qxf3 e6 22. Rac1 Re8 23. Qe2 Bf8 24. Bc3 Bb4 25. Bxb4 axb4 26. cxd5 Nxd5 27. Qg4 Qf6 28.
Rc4 h5 29. Qg3 Kg7 30. e4 Nc3 31. Rxb4 Rcd8 32. e5 Qe7 33. Rc4 Nd5 34. Be4 Qa3 35. Bxd5 cxd5 36. Rc7 Re7 37. Rfc1 Rxc7 38. Rxc7 Qa1+ 39.
Kh2 Qxd4 40. Rxb7 Rc8 41. a5 h4 42. Qe3 Qa1 43. Qf4 Rc1 44. Qxf7+ Kh6 45. Qf4+ g5 46.
Qf6+ 1-0

[Event "Late-Titled-Tuesday-Blitz-March-26-2024"]
[Site "Chess.com"]
[Date "2024.03.26"]
[Round "1"]
[White "xxysoul6"]
[Black "joksijoksi"]
[Result "1-0"]
[WhiteElo "3013"]
[BlackElo "2515"]
[TimeControl "180+1"]
[EndTime "14:07:25 PDT"]
[Termination "xxysoul6 won on time"]

1. d4 d5 2. Nf3 Nf6 3. c3 c5 4. e3 e6 5. Bd3 Nc6 6. O-O b6 7. Nbd2 Bb7 8. b3 Bd6 9. Bb2 O-O 10. Qe2 Re8 11. Rad1 Qc7 12. dxc5 bxc5 13. c4 Ne5 14. cxd5 exd5 15. Rc1 Rac8 16. Nxe5 Bxe5 17. Nf3 Bxb2 18. Qxb2 d4 19. exd4 Bxf3 20. Rxc5 Qb7 21. Rxc8 Rxc8 22. gxf3 Qxf3 23. Qe2 Qf4 24. Qe3 Qg4+ 25.
Kh1 Re8 26. Qg3 Qxd4 27. Bc4 Ne4 28. Qf4 Rf8 29. Kg2 g5 30. Qf5 Nd2 31. Rd1 Qb2 32. Qxg5+ Kh8 33. Rxd2 Qc3 34. Rd3 Qb2 35. Rg3 Qd4 36.
Rg4 Qc3 37. Bxf7 1-0

[Event "Late-Titled-Tuesday-Blitz-March-26-2024"]
[Site "Chess.com"]
[Date "2024.03.26"]
[Round "1"]
[White "djano"]
[Black "David_ATM"]
[Result "1-0"]
[WhiteElo "2671"]
[BlackElo "2363"]
[TimeControl "180+1"]
[EndTime "14:07:26 PDT"]
[Termination "djano won by resignation"]

1. e4 e5 2. d4 d6 3. Nf3 Nc6 4. Bc4 exd4 5. Nxd4 Nf6 6. Nc3 Be7 7. O-O O-O 8. h3 Nxd4 9. Qxd4 Be6 10. Bxe6 fxe6 11. e5 Nd7 12. exd6 Bxd6 13. Qc4 Qe7 14. Be3 Qf7 15.
Rad1 Nb6 16. Qe4 Rab8 17. Nb5 Nd5 18. Bxa7 Ra8 19. a3 Qf5 20. Nxd6 cxd6 21. Qxf5 Rxf5 22. Bd4 Nf4 23. Rfe1 e5 24. Be3 Ra6 25. Kh2 h6 26. g3 Ne6 27. Rd5 Nc7 28. Rd3 Rf6 29. Red1 Kf7 30.
Rc3 Rc6 31. Rxc6 bxc6 32. a4 Ke7 33. a5 Rf8 34. c4 Ra8 35. Bb6 Ne6 36. b4 Kd7 37. h4 h5 38. Kg2 g6 39. Ra1 d5 40.
cxd5 cxd5 41. a6 Kc6 42. Be3 d4 43. Bd2 Nc7 44. a7 Nb5 45. Ra6+ Kd5 46. Rxg6 Rxa7 47. Rg5 Ra2 48. Bf4 d3 49. Bxe5 d2 50. Bf4+ Kc4 51. Bxd2 Rxd2 52. Rxh5 Nd4 53. Rc5+ Kxb4 54. Rc8 Kb5 55.
h5 Nc6 56. h6 Rd6 57. h7 Rh6 58. h8=Q Rxh8 59. Rxh8 Kc5 60. Rc8 Kd6 61. Rxc6+ Kxc6 62. g4 Kd6 63. Kg3 Ke6 64. f4 Kf7 65. g5 Kg8 66. Kg4 Kf7 67. f5 Kg7 68. f6+ Kg8 69. g6 Kf8 70.
Kf5 Kg8 71. Ke6 Kf8 72. g7+ 1-0